[Event "Titled Tuesday Blitz February 01 A 2022"]
[White "Abdrlauf, Elham"]
[Black "Guseva, Marina"]
[WhiteFideId "1533533"]
[BlackFideId "4149351"]
[WhiteElo "2334"]
[BlackElo "2232"]
[Result "1-0"]
[Round "01"]
[TimeControl "180+1"]
[Date "2022.02.01"]
[WhiteClock "0:00:58"]
[BlackClock "0:00:14"]

1. e4 c5 2. Nf3 d6 3. d4 cxd4 4. Nxd4 Nf6 5. Nc3 a6 6. Bc4 e6 7. Bb3 b5 8. f4 Be7 9. e5 dxe5 10. fxe5 Nfd7 11. Bxe6 Nxe5 12. Bxc8 Qxc8 13. O-O O-O 14. Nf5 Bc5+ 15. Kh1 Nbc6 16. Ne4 Bb6 17. Qh5 Qe6 18. Nxg7 Kxg7 19. Nf6 Qxf6 20. Rxf6 Kxf6 21. Bg5+ Ke6 22. Rd1 Rg8 23. Qh3+ f5 24. Qb3+ Nc4 25. Qd3 Rad8 26. Bxd8 Rxd8 27. Qe2+ N4e5 28. Rxd8 Bxd8 29. Qh5 Ng4 30. Qxh7 Nf2+ 31. Kg1 Bb6 32. Qb7 1-0


[Site "https://www.chess.com"]

[Event "Titled Tuesday Blitz February 01 A 2022"]
[White "Andreikin, Dmitry"]
[Black "Bellissimo, Joseph F."]
[WhiteFideId "4158814"]
[BlackFideId "2609843"]
[WhiteElo "2736"]
[BlackElo "2061"]
[Result "1-0"]
[Round "01"]
[TimeControl "180+1"]
[Date "2022.02.01"]
[WhiteClock "0:01:39"]
[BlackClock "0:00:17"]

1. d4 Nf6 2. c4 e6 3. Nc3 Bb4 4. a3 Bxc3+ 5. bxc3 d5 6. cxd5 exd5 7. e3 O-O 8. Bd3 c6 9. Ne2 Re8 10. O-O Na6 11. Ng3 Nc7 12. f3 c5 13. Kh1 Ne6 14. Ra2 b6 15. Nf5 Bb7 16. g4 Rc8 17. Rg2 Qc7 18. Bd2 Nd7 19. Be1 cxd4 20. cxd4 Qc1 21. Bg3 Qxd1 22. Rxd1 Rc3 23. Nd6 Rb8 24. Nb5 Rb3 25. Bxb8 Nxb8 26. Nxa7 Rxa3 27. Nb5 Rb3 28. Nd6 Bc6 29. Ra2 g6 30. Kg2 Nd7 31. Kf2 Ng5 32. Ke2 Nf6 33. h4 Ne6 34. Kd2 Ne4+ 35. fxe4 dxe4 36. Bc4 Rb4 37. Kc3 Rxc4+ 38. Kxc4 Nc7 39. d5 Bxd5+ 40. Rxd5 Nxd5 41. Kxd5 b5 42. g5 h6 43. Ra8+ Kg7 44. Ne8+ Kf8 45. Nf6+ 1-0


[Site "https://www.chess.com"]

[Event "Titled Tuesday Blitz February 01 A 2022"]
[White "Babazada, Khazar"]
[Black "Osmak, Yuliia"]
[WhiteFideId "13413554"]
[BlackFideId "14101602"]
[WhiteElo "2418"]
[BlackElo "2302"]
[Result "1-0"]
[Round "01"]
[TimeControl "180+1"]
[Date "2022.02.01"]
[WhiteClock "0:01:44"]
[BlackClock "0:00:11"]

1. Nf3 d5 2. g3 Nf6 3. Bg2 c6 4. O-O Bg4 5. b3 e6 6. Bb2 Nbd7 7. d3 Bc5 8. Nbd2 O-O 9. e4 Qe7 10. h3 Bh5 11. Qe1 dxe4 12. dxe4 e5 13. Nc4 Bxf3 14. Bxf3 a5 15. a4 Rfe8 16. Rd1 Bb4 17. Qe2 g6 18. Bg2 Rad8 19. c3 Bc5 20. Nxa5 Nf8 21. b4 Ba7 22. Bc1 Rxd1 23. Rxd1 Rd8 24. Rxd8 Qxd8 25. Nxb7 Qc7 26. Na5 Ne6 27. Be3 c5 28. Qc4 Qd6 29. Kh2 Bb6 30. Nb7 Qc7 31. Qa6 Nd7 32. a5 cxb4 33. axb6 Qxc3 34. Nd6 b3 35. Qa8+ Nef8 36. Qd5 Ne6 37. Nxf7 Ndf8 38. b7 Qc7 39. Qxb3 Qb8 40. Ng5 1-0


[Site "https://www.chess.com"]

[Event "Titled Tuesday Blitz February 01 A 2022"]
[White "Barp, Alberto"]
[Black "Hansen, Eric"]
[WhiteFideId "872555"]
[BlackFideId "2606771"]
[WhiteElo "2229"]
[BlackElo "2568"]
[Result "0-1"]
[Round "01"]
[TimeControl "180+1"]
[Date "2022.02.01"]
[WhiteClock "0:00:12"]
[BlackClock "0:00:59"]

1. d4 Nf6 2. c4 e6 3. Nf3 b6 4. g3 Ba6 5. b3 Bb4+ 6. Bd2 Be7 7. Bg2 O-O 8. O-O c6 9. Qc2 d5 10. Rd1 Nbd7 11. Bc1 Ne4 12. Bb2 Rc8 13. Nc3 f5 14. e3 Bd6 15. a4 Qf6 16. a5 b5 17. c5 Bc7 18. Na2 Bb7 19. a6 Ba8 20. Nb4 e5 21. Nd3 exd4 22. Bxd4 Qh6 23. b4 Rce8 24. Qb2 g5 25. Re1 Ndf6 26. Be5 Bd8 27. Rac1 Ng4 28. Bd4 Bc7 29. h3 Ngf6 30. Be5 Bd8 31. Nd4 Nd7 32. Nf3 Nxe5 33. Nfxe5 Bf6 34. f4 Nxg3 35. Qc2 gxf4 36. exf4 Ne4 37. Re3 Bxe5 38. Nxe5 Rxe5 39. Qb2 Re6 0-1


[Site "https://www.chess.com"]

[Event "Titled Tuesday Blitz February 01 A 2022"]
[White "Cunjalo, Faris"]
[Black "Hamley, Ryan"]
[WhiteFideId "14410710"]
[BlackFideId "30959497"]
[WhiteElo "2263"]
[BlackElo "2500"]
[Result "1-0"]
[Round "01"]
[TimeControl "180+1"]
[Date "2022.02.01"]
[WhiteClock "0:02:13"]
[BlackClock "0:02:18"]

1. d4 Nf6 2. c4 g6 3. Nc3 Bg7 4. e4 d6 5. Be2 O-O 6. Bg5 Nbd7 7. Nf3 h6 8. Be3 e5 9. d5 Ng4 10. Bd2 f5 11. h3 Ngf6 12. exf5 gxf5 13. Qc2 Nc5 14. O-O-O a5 15. Be3 b6 16. Rhg1 Qe8 17. Nh4 Qe6 18. dxe6 1-0


[Site "https://www.chess.com"]

[Event "Titled Tuesday Blitz February 01 A 2022"]
[White "Dauner, Benedikt"]
[Black "Shirov, Alexei"]
[WhiteFideId "16225899"]
[BlackFideId "2209390"]
[WhiteElo "2230"]
[BlackElo "2645"]
[Result "0-1"]
[Round "01"]
[TimeControl "180+1"]
[Date "2022.02.01"]
[WhiteClock "0:00:16"]
[BlackClock "0:01:55"]

1. d4 d5 2. Nf3 Nf6 3. c3 Bg4 4. Qb3 Qc8 5. Ne5 Bf5 6. Bf4 e6 7. Nd2 Nbd7 8. e3 Nxe5 9. Bxe5 Nd7 10. Bg3 Be7 11. c4 c6 12. Rc1 O-O 13. Be2 a5 14. O-O a4 15. Qd1 a3 16. b3 Bb4 17. Bf3 Qd8 18. e4 Bxd2 19. exf5 Bxc1 20. Qxc1 Qf6 21. fxe6 Qxe6 22. cxd5 cxd5 23. Re1 Qf5 24. Qc7 Rfe8 25. Rxe8+ Rxe8 26. h3 Nf6 27. Qxb7 Qb1+ 28. Kh2 Qxa2 29. Be5 Qd2 30. Bxf6 Qf4+ 31. g3 Qxf3 32. Be5 Qxf2+ 33. Kh1 a2 0-1


[Site "https://www.chess.com"]

[Event "Titled Tuesday Blitz February 01 A 2022"]
[White "Grandelius, Nils"]
[Black "Atanasov, Anthony"]
[WhiteFideId "1710400"]
[BlackFideId "2623897"]
[WhiteElo "2617"]
[BlackElo "1928"]
[Result "1-0"]
[Round "01"]
[TimeControl "180+1"]
[Date "2022.02.01"]
[WhiteClock "0:01:17"]
[BlackClock "0:00:01"]

1. Nf3 Nf6 2. g3 d5 3. Bg2 Bf5 4. O-O e6 5. c4 Be7 6. Qb3 Qc8 7. cxd5 exd5 8. Nc3 c6 9. d3 O-O 10. e4 dxe4 11. Nd4 Bh3 12. dxe4 Bxg2 13. Kxg2 Nbd7 14. Nf5 Re8 15. Be3 Bc5 16. f3 Bxe3 17. Nxe3 Nc5 18. Qc4 Ne6 19. e5 Nd7 20. f4 b5 21. Qe2 Nd4 22. Qf2 c5 23. Ne2 Qc6+ 24. Kg1 Qe4 25. Nxd4 cxd4 26. Nc2 d3 27. Rfe1 Qc4 28. Ne3 Qd4 29. Nf5 Qxf2+ 30. Kxf2 f6 31. e6 Nc5 32. e7 d2 33. Re2 Nd3+ 34. Kf3 Nxb2 35. Rxd2 g6 36. Nh6+ Kg7 37. Rxb2 Kxh6 38. Re1 a6 39. Rc2 Ra7 40. Rc6 Rexe7 41. Rxe7 Rxe7 42. Rxf6 a5 43. Rb6 b4 44. Ra6 b3 45. axb3 Rb7 46. Rxa5 Rxb3+ 47. Kg4 Rb7 48. h4 Kg7 49. h5 Rc7 50. Kg5 h6+ 51. Kg4 gxh5+ 52. Kxh5 Rd7 53. g4 Rd1 54. Ra7+ Kf6 55. Ra6+ Kg7 56. Rg6+ Kf7 57. Rxh6 Rd5+ 58. f5 Kg7 59. Ra6 Rd1 60. Kg5 1-0


[Site "https://www.chess.com"]

[Event "Titled Tuesday Blitz February 01 A 2022"]
[White "Grieve, Harry"]
[Black "Tabatabaei, M. Amin"]
[WhiteFideId "426520"]
[BlackFideId "12521213"]
[WhiteElo "2294"]
[BlackElo "2585"]
[Result "0-1"]
[Round "01"]
[TimeControl "180+1"]
[Date "2022.02.01"]
[WhiteClock "0:00:16"]
[BlackClock "0:00:42"]

1. e4 e5 2. Nf3 Nc6 3. Bc4 Nf6 4. Ng5 d5 5. exd5 b5 6. Bf1 Nxd5 7. Bxb5 Bb7 8. O-O Qxg5 9. d4 Qg6 10. c4 a6 11. cxd5 axb5 12. dxc6 Qxc6 13. Qg4 h5 14. Qh3 exd4 15. Re1+ Be7 16. Bd2 Kf8 17. Na3 Bd6 18. Rac1 Qd5 19. Nc2 c5 20. Rcd1 g5 21. Ne3 g4 22. Nxd5 gxh3 23. Bf4 Bxf4 24. Nxf4 Bxg2 25. Nxg2 Rg8 26. b4 Rxg2+ 27. Kh1 Rxa2 28. bxc5 Raxf2 29. Rxd4 Rxh2+ 30. Kg1 Rfg2+ 31. Kf1 Rh1# 0-1


[Site "https://www.chess.com"]

[Event "Titled Tuesday Blitz February 01 A 2022"]
[White "Grischuk, Alexander"]
[Black "Swicarz, Maciej"]
[WhiteFideId "4126025"]
[BlackFideId "1113585"]
[WhiteElo "2762"]
[BlackElo "2063"]
[Result "1-0"]
[Round "01"]
[TimeControl "180+1"]
[Date "2022.02.01"]
[WhiteClock "0:00:30"]
[BlackClock "0:00:05"]

1. e4 c5 2. Nc3 d6 3. d4 cxd4 4. Qxd4 Nc6 5. Qd2 g6 6. b3 Bh6 7. f4 Nf6 8. Bb2 O-O 9. O-O-O e5 10. Nge2 Re8 11. Kb1 Bg4 12. g3 Nd4 13. Bg2 Rc8 14. Nxd4 exd4 15. Qxd4 Bg7 16. Nd5 Bxd1 17. Rxd1 Nh5 18. Qxa7 Bxb2 19. Kxb2 Nf6 20. Nc3 Qc7 21. Qd4 Re6 22. Rd3 Ng4 23. h3 Nf6 24. h4 Ng4 25. Bh3 h5 26. Bxg4 hxg4 27. Rd2 Qc6 28. Nd5 f5 29. h5 gxh5 30. exf5 Rh6 31. Ne7+ 1-0


[Site "https://www.chess.com"]

[Event "Titled Tuesday Blitz February 01 A 2022"]
[White "Jain Kashish Manoj"]
[Black "Kravtsiv, Martyn"]
[WhiteFideId "35081098"]
[BlackFideId "14113147"]
[WhiteElo "1681"]
[BlackElo "2694"]
[Result "1-0"]
[Round "01"]
[TimeControl "180+1"]
[Date "2022.02.01"]
[WhiteClock "0:00:08"]
[BlackClock "0:00:05"]

1. Nf3 d5 2. g3 c5 3. Bg2 Nf6 4. O-O Nc6 5. d3 e5 6. e4 d4 7. a4 Bd6 8. Na3 O-O 9. Nc4 Bc7 10. Ne1 a6 11. Bd2 Be6 12. f4 Bg4 13. Bf3 Bh3 14. Bg2 Bxg2 15. Nxg2 exf4 16. Bxf4 Re8 17. a5 Bxf4 18. gxf4 Re7 19. Kh1 Nd7 20. Qg4 Nf8 21. Nh4 Re6 22. Rg1 g6 23. Nf3 Re7 24. Nb6 Rb8 25. Nd5 Rd7 26. Ne5 Nxe5 27. fxe5 Rxd5 28. exd5 Qxd5+ 29. Qg2 Qxe5 30. Rae1 Qd6 31. Rgf1 Ne6 32. Qf3 Qd7 33. Qf6 Re8 34. h4 Rf8 35. h5 Qd5+ 36. Qf3 Qxf3+ 37. Rxf3 Kg7 38. hxg6 hxg6 39. Kg2 Rh8 40. Re5 Rc8 41. Rd5 Rd8 42. Rxd8 Nxd8 43. Rf4 f5 44. Rf1 Ne6 45. Re1 Kf6 46. Kf3 g5 47. b4 cxb4 48. Rb1 g4+ 49. Kg2 Kg5 50. Rxb4 f4 51. Rxb7 Kf5 52. Rb6 g3 53. Rxa6 Ng5 54. Ra8 Kg4 55. Rg8 f3+ 56. Kf1 Kf4 57. Rxg5 Kxg5 58. a6 Kf4 59. a7 Ke3 60. a8=Q g2+ 61. Kg1 Kd2 62. Qxf3 Kxc2 63. Kxg2 1-0


[Site "https://www.chess.com"]

[Event "Titled Tuesday Blitz February 01 A 2022"]
[White "Jobava, Baadur"]
[Black "Glavina, Pablo"]
[WhiteFideId "13601520"]
[BlackFideId "100234"]
[WhiteElo "2617"]
[BlackElo "2369"]
[Result "1-0"]
[Round "01"]
[TimeControl "180+1"]
[Date "2022.02.01"]
[WhiteClock "0:00:21"]
[BlackClock "0:00:07"]

1. b3 e5 2. Bb2 d6 3. e3 g6 4. d4 Bg7 5. dxe5 Nd7 6. Nc3 Nxe5 7. Qd2 Nf6 8. O-O-O a5 9. a4 O-O 10. Kb1 Re8 11. h3 Bd7 12. Nge2 Bc6 13. Nd4 Qe7 14. Nxc6 Nxc6 15. Bb5 Red8 16. Qe2 Nb4 17. f3 c6 18. Bd3 d5 19. Rhe1 Re8 20. Qf1 Qc5 21. e4 dxe4 22. fxe4 Nxd3 23. Rxd3 Re6 24. Rf3 Qe7 25. e5 Nd7 26. Ne4 Bxe5 27. Bc1 Re8 28. Ng5 Rf6 29. Bb2 Rxf3 30. Nxf3 f6 31. Qd3 Kg7 32. Nxe5 Nxe5 33. Qc3 Qb4 34. Qg3 Qc5 35. Rd1 Re7 36. Qf4 h5 37. Rf1 Qd6 38. Ka2 Qe6 39. Qd2 Qd5 40. Qf2 Re6 41. Bc3 Nd7 42. Kb2 Qg5 43. Rd1 Ne5 44. Rd2 Qf5 45. Qb6 Re7 46. Qxa5 Rd7 47. Rxd7+ Nxd7 48. Qc7 Kh6 49. Qxb7 Qd5 50. Qc7 g5 51. a5 Kg6 52. Qd8 Qe6 53. a6 c5 54. a7 Nb6 55. Qxb6 Qxb6 56. a8=Q c4 57. Qe4+ Kh6 58. Qxc4 Qd6 59. Qd4 Qxd4 60. Bxd4 1-0


[Site "https://www.chess.com"]

[Event "Titled Tuesday Blitz February 01 A 2022"]
[White "Jones, Gawain C B"]
[Black "Vetokhin, Ilia"]
[WhiteFideId "409561"]
[BlackFideId "24156078"]
[WhiteElo "2657"]
[BlackElo "1897"]
[Result "1-0"]
[Round "01"]
[TimeControl "180+1"]
[Date "2022.02.01"]
[WhiteClock "0:00:55"]
[BlackClock "0:00:08"]

1. Nf3 Nf6 2. g3 e6 3. Bg2 Be7 4. O-O O-O 5. d3 d5 6. Nbd2 b6 7. e4 dxe4 8. dxe4 Bb7 9. e5 Nfd7 10. Qe2 c5 11. Ne4 Qc7 12. Bf4 Nc6 13. Nd6 Nd4 14. Nxd4 Bxg2 15. N4f5 exf5 16. Kxg2 Qc6+ 17. Qf3 Qxf3+ 18. Kxf3 Rfd8 19. Nxf5 Bf8 20. Rfd1 g6 21. Nd6 Bxd6 22. Rxd6 Nf8 23. Bg5 Rxd6 24. exd6 Nd7 25. Re1 f6 26. Re7 Rd8 27. Bh6 Ne5+ 28. Ke4 Nf7 29. d7 Nxh6 30. Re8+ Kf7 31. Rxd8 Ke7 32. Ra8 Kxd7 33. Rxa7+ Kc6 34. Rxh7 Nf5 35. g4 Nd6+ 36. Kd3 Nc4 37. Kxc4 1-0


[Site "https://www.chess.com"]

[Event "Titled Tuesday Blitz February 01 A 2022"]
[White "Kantans, Toms"]
[Black "Deac, Bogdan-Daniel"]
[WhiteFideId "11602945"]
[BlackFideId "1226380"]
[WhiteElo "2357"]
[BlackElo "2646"]
[Result "0-1"]
[Round "01"]
[TimeControl "180+1"]
[Date "2022.02.01"]
[WhiteClock "0:00:04"]
[BlackClock "0:00:51"]

1. e4 c5 2. Nf3 Nc6 3. Bb5 e6 4. O-O Nge7 5. Ba4 Ng6 6. Re1 Be7 7. c3 d5 8. exd5 Qxd5 9. d4 O-O 10. dxc5 Qxc5 11. Be3 Qa5 12. Nbd2 Rd8 13. Qc2 b5 14. Bb3 Bb7 15. a3 Rac8 16. Rad1 Qc7 17. Ne4 Na5 18. Ba2 Nc4 19. Bc1 Rxd1 20. Rxd1 Rd8 21. Rxd8+ Qxd8 22. Qe2 Qc7 23. g3 Qc6 24. Bb1 f5 25. Neg5 Bxg5 26. Bxg5 h6 27. b3 Nce5 0-1


[Site "https://www.chess.com"]

[Event "Titled Tuesday Blitz February 01 A 2022"]
[White "Khripachenko, Alexander"]
[Black "Martinez Alcantara, Jose Eduardo"]
[WhiteFideId "54184975"]
[BlackFideId "3805662"]
[WhiteElo "2177"]
[BlackElo "2690"]
[Result "0-1"]
[Round "01"]
[TimeControl "180+1"]
[Date "2022.02.01"]
[WhiteClock "0:00:12"]
[BlackClock "0:00:05"]

1. e4 c5 2. Nf3 d6 3. d4 cxd4 4. Qxd4 Nf6 5. h3 Nc6 6. Qe3 e6 7. Be2 Be7 8. O-O O-O 9. c4 Nd7 10. Nc3 Nde5 11. Rd1 Nxf3+ 12. Bxf3 Qc7 13. b3 a6 14. Ba3 Rd8 15. Be2 Qa5 16. Bb2 Bd7 17. a3 Rac8 18. Rac1 Be8 19. b4 Qg5 20. f4 Qh6 21. Bf3 Nb8 22. Ne2 Ba4 23. Rf1 b5 24. cxb5 Bxb5 25. Rfd1 Bf8 26. Nd4 Ba4 27. Re1 Nd7 28. Be2 a5 29. b5 Re8 30. Nc6 Nc5 31. Bd4 Nb3 32. Rc3 e5 33. fxe5 dxe5 34. Qxh6 gxh6 35. Be3 Nd4 36. Bxd4 exd4 37. Rcc1 Bd6 38. e5 Bxe5 39. Bg4 Bg3 40. Bxc8 Rxe1+ 41. Rxe1 Bxe1 42. Ne7+ Kf8 43. Nf5 d3 44. Kf1 Bc3 45. Ne3 Bxb5 46. Bg4 Bb2 47. Nd1 Bxa3 48. Nc3 Bc4 49. Ne4 Bb4 50. Kf2 a4 51. Bd1 a3 0-1


[Site "https://www.chess.com"]

[Event "Titled Tuesday Blitz February 01 A 2022"]
[White "LLRChess"]
[Black "Sarana, Alexey"]
[BlackFideId "24133795"]
[WhiteElo "2544"]
[BlackElo "2665"]
[Result "0-1"]
[Round "01"]
[TimeControl "180+1"]
[Date "2022.02.01"]
[WhiteClock "0:01:07"]
[BlackClock "0:01:20"]

1. d4 Nf6 2. c4 e6 3. Nc3 Bb4 4. a3 Bxc3+ 5. bxc3 O-O 6. f3 d5 7. cxd5 exd5 8. e3 Bf5 9. g4 Bg6 10. Ne2 h5 11. Nf4 hxg4 12. Nxg6 fxg6 13. Bd3 gxf3 14. Qxf3 Ne4 15. Qg4 Nf2 16. Qe6+ Kh8 17. O-O Qg5+ 0-1


[Site "https://www.chess.com"]

[Event "Titled Tuesday Blitz February 01 A 2022"]
[White "Le, Tuan Minh"]
[Black "Bilan, Danila"]
[WhiteFideId "12401153"]
[BlackFideId "24161918"]
[WhiteElo "2450"]
[BlackElo "2164"]
[Result "1-0"]
[Round "01"]
[TimeControl "180+1"]
[Date "2022.02.01"]
[WhiteClock "0:00:12"]
[BlackClock "0:00:06"]

1. d4 d5 2. Nf3 Nf6 3. Bf4 c5 4. c3 Qb6 5. Qc2 Nc6 6. e3 Nh5 7. Be5 Nxe5 8. Nxe5 Nf6 9. Nd2 e6 10. Qa4+ Bd7 11. Nxd7 Nxd7 12. Bb5 Rd8 13. Nf3 Bd6 14. dxc5 Qxc5 15. Rd1 a6 16. Bxd7+ Rxd7 17. O-O Qc6 18. Qg4 O-O 19. Rd2 Rc8 20. Rfd1 Rcd8 21. g3 b5 22. a3 Qc4 23. Rd4 Qc7 24. R1d2 Be7 25. R4d3 Bf6 26. h4 Qc4 27. Qh3 h5 28. Rd1 g6 29. R3d2 a5 30. Nd4 Kg7 31. Qg2 b4 32. cxb4 axb4 33. Rc2 Qa6 34. axb4 Rb8 35. b5 Qa4 36. b3 Qb4 37. Qf3 Bxd4 38. Rxd4 Qxb5 39. Rb2 Rc7 40. Rd1 Qb4 41. Qe2 Qc3 42. Rdb1 Rb4 43. Qd1 Qc5 44. Rd2 Qc3 45. Rd3 Qc5 46. Rd4 Rxd4 47. Qxd4+ Kg8 48. Qxc5 Rxc5 49. b4 Rb5 50. Kf1 Kf8 51. Ke2 Ke7 52. Kd3 Kd6 53. e4 dxe4+ 54. Kxe4 f5+ 55. Kf4 Ke7 56. Kg5 Kf7 57. f4 e5 58. fxe5 Rxe5 59. b5 Kg7 60. Kf4 Re4+ 61. Kf3 Re7 62. b6 Rb7 63. Kf4 Kf6 64. Rb2 Ke6 65. Kg5 Kf7 66. Rb3 Kg7 67. Rb2 Re7 68. g4 fxg4 69. b7 Re5+ 70. Kf4 Rf5+ 71. Ke4 Rf3 72. b8=Q Rf6 73. Qe5 Kh6 74. Qxf6 g3 75. Qh8# 1-0


[Site "https://www.chess.com"]

[Event "Titled Tuesday Blitz February 01 A 2022"]
[White "Maidel, Anton"]
[Black "Tari, Aryan"]
[WhiteFideId "4125290"]
[BlackFideId "1510045"]
[WhiteElo "2336"]
[BlackElo "2567"]
[Result "0-1"]
[Round "01"]
[TimeControl "180+1"]
[Date "2022.02.01"]
[WhiteClock "0:00:21"]
[BlackClock "0:01:47"]

1. e4 c5 2. Nf3 Nc6 3. Bb5 g6 4. Bxc6 dxc6 5. O-O Bg7 6. Nc3 Nf6 7. h3 Nd7 8. d3 e5 9. Bg5 f6 10. Be3 b6 11. Qd2 Nf8 12. a3 Ne6 13. b4 O-O 14. bxc5 f5 15. Bh6 fxe4 16. Nxe4 Rxf3 17. gxf3 Nd4 18. Qe3 Nf5 19. Bxg7 Nxe3 20. fxe3 Kxg7 21. cxb6 axb6 22. Kf2 Bxh3 23. Rh1 Bf5 24. Ng3 Be6 25. Ne4 Bd5 26. Ng3 Qf8 27. e4 Qc5+ 0-1


[Site "https://www.chess.com"]

[Event "Titled Tuesday Blitz February 01 A 2022"]
[White "Maltsevskaya, Aleksandra"]
[Black "Caruana, Fabiano"]
[WhiteFideId "24174041"]
[BlackFideId "2020009"]
[WhiteElo "2283"]
[BlackElo "2744"]
[Result "0-1"]
[Round "01"]
[TimeControl "180+1"]
[Date "2022.02.01"]
[WhiteClock "0:00:15"]
[BlackClock "0:00:53"]

1. e4 c5 2. Nf3 e6 3. d4 cxd4 4. Nxd4 Nc6 5. Nc3 a6 6. Be2 Nf6 7. O-O Qc7 8. Be3 Bb4 9. Nxc6 dxc6 10. Bd3 e5 11. Qf3 Be6 12. Na4 Nd7 13. a3 Be7 14. Qg3 h5 15. h4 b5 16. Nc3 g6 17. Rad1 O-O 18. Bh6 Rfd8 19. Be2 Kh7 20. Bg5 Nc5 21. Bxe7 Qxe7 22. Qxe5 Re8 23. Qd6 Rac8 24. Qxe7 Rxe7 25. Rd4 a5 26. Rfd1 Kg7 27. e5 Bf5 28. f4 Bxc2 29. Rf1 Bf5 30. b4 axb4 31. axb4 Ne6 32. Rd6 Ra7 33. Bf3 Ra3 34. Rc1 Nxf4 35. Nxb5 Rxf3 0-1


[Site "https://www.chess.com"]

[Event "Titled Tuesday Blitz February 01 A 2022"]
[White "Manukyan, Sargis A."]
[Black "Boros, Denes"]
[WhiteFideId "13303970"]
[BlackFideId "722340"]
[WhiteElo "2187"]
[BlackElo "2464"]
[Result "0-1"]
[Round "01"]
[TimeControl "180+1"]
[Date "2022.02.01"]
[WhiteClock "0:00:18"]
[BlackClock "0:00:17"]

1. d4 Nf6 2. e3 b6 3. Nf3 Bb7 4. Be2 c5 5. O-O Qc7 6. b3 e6 7. Bb2 Bd6 8. h3 Be7 9. Nbd2 Rg8 10. c4 g5 11. Ne5 d6 12. Nd3 g4 13. hxg4 h5 14. dxc5 Nxg4 15. Bxg4 Rxg4 16. f3 Rg6 17. cxb6 Qxb6 18. Bd4 Qa5 19. Nf4 Rg8 20. b4 Qg5 21. Ne4 Bxe4 22. fxe4 e5 23. Qa4+ Nd7 24. Rf2 exf4 25. exf4 Qg3 26. c5 Qd3 27. c6 Qxd4 28. cxd7+ Kf8 29. Rc1 Bh4 30. Rc8+ Kg7 31. Rc2 Bg3 32. Qb3 Bxf2+ 33. Rxf2 Rad8 34. Qh3 Qd1+ 35. Kh2 Qg4 36. Qc3+ Kf8 37. f5 Qh4+ 38. Kg1 Rxd7 39. f6 Qxe4 40. Qc8+ Qe8 41. Rc2 Rd8 42. Qc3 Qe5 43. Qf3 Rg4 44. Re2 Qd4+ 45. Kh2 Rh4+ 46. Kg3 Qg4+ 47. Qxg4 Rxg4+ 48. Kf3 Rg6 49. Kf4 Rxf6+ 50. Kg5 Re6 51. Kxh5 Rxe2 0-1


[Site "https://www.chess.com"]

[Event "Titled Tuesday Blitz February 01 A 2022"]
[White "Matlakov, Maxim"]
[Black "Jacobson, Aaron"]
[WhiteFideId "4168003"]
[BlackFideId "2089912"]
[WhiteElo "2661"]
[BlackElo "2265"]
[Result "0-1"]
[Round "01"]
[TimeControl "180+1"]
[Date "2022.02.01"]
[WhiteClock "0:01:11"]
[BlackClock "0:00:06"]

1. Nf3 d5 2. e3 Nf6 3. c4 e6 4. b3 b6 5. Bb2 Bb7 6. Nc3 Bd6 7. Rc1 a6 8. cxd5 exd5 9. Ne2 c5 10. Ng3 g6 11. d4 O-O 12. Be2 Qe7 13. O-O Nbd7 14. Re1 Rfe8 15. Bf1 Ne4 16. Nxe4 dxe4 17. Nd2 cxd4 18. Bxd4 Bc5 19. Nc4 Rad8 20. Re2 Bxd4 21. exd4 b5 22. Ne3 Nf6 23. Rec2 Nd5 24. Qd2 Rd7 25. Rc5 Red8 26. g3 Nf6 27. Bh3 Rxd4 28. Qb2 Rd2 29. Qc3 R8d3 30. Qa5 Nd7 31. Rc7 Qf6 32. Ng4 Rd1+ 33. Bf1 Qf3 34. Ne3 Rxc1 35. Rxc1 Rxe3 36. Qd8+ Nf8 37. Qd2 Rd3 38. Qh6 e3 0-1


[Site "https://www.chess.com"]

[Event "Titled Tuesday Blitz February 01 A 2022"]
[White "Mhango, Banele"]
[Black "Sadhwani, Raunak"]
[WhiteFideId "14327040"]
[BlackFideId "35093487"]
[WhiteElo "2525"]
[BlackElo "2616"]
[Result "1-0"]
[Round "01"]
[TimeControl "180+1"]
[Date "2022.02.01"]
[WhiteClock "0:00:10"]
[BlackClock "0:00:09"]

1. d4 Nf6 2. Nf3 g6 3. g3 Bg7 4. Bg2 O-O 5. O-O d6 6. c4 Nbd7 7. Nc3 e5 8. dxe5 dxe5 9. e4 c6 10. h3 a5 11. Be3 Qe7 12. Qc2 Nc5 13. Rfd1 Re8 14. Rd2 Nh5 15. Rad1 Ne6 16. Na4 Rb8 17. Ba7 Ra8 18. Be3 h6 19. Nb6 Rb8 20. Nd7 Bxd7 21. Rxd7 Qf8 22. Ba7 Rbd8 23. Rxb7 Nd4 24. Nxd4 exd4 25. Bf3 c5 26. Bb6 Rb8 27. Rxb8 Rxb8 28. Bxa5 Nf6 29. Bc7 Rc8 30. Bf4 Re8 31. Re1 Nd7 32. Bd2 Ne5 33. Bg2 h5 34. f4 d3 35. Qc1 Nc6 36. Bc3 Nd4 37. Qd2 Rd8 38. e5 h4 39. g4 Bh6 40. g5 Bg7 41. Qxd3 Qe7 42. Bd5 Ne6 43. Qe4 Kh7 44. Bd2 Nd4 45. Be3 Nf5 46. Bf2 Qa7 47. a3 Rb8 48. Re2 Qa4 49. Bxf7 Qd1+ 50. Kg2 Rb3 51. Re1 Qd2 52. Qe2 Qd7 53. Bd5 Qe7 54. a4 Qa7 55. Be4 Qd7 56. Qg4 Rxb2 57. Re2 Rxe2 58. Qxe2 Qxa4 59. Bxf5 gxf5 60. Qh5+ Kg8 61. Qe2 Bf8 62. Bxh4 Be7 63. Bf2 Kg7 64. h4 Qb3 65. h5 Qc3 66. h6+ Kg6 67. Qf3 Qxc4 68. Qc6+ Kh7 69. Qb7 Qe4+ 70. Qxe4 fxe4 71. Be3 c4 72. Kf2 c3 73. Bc1 Bc5+ 74. Kg3 Bd4 75. e6 Kg8 76. f5 e3 77. Kf3 c2 78. Ke2 Bc5 79. Kd3 Be7 80. f6 Bc5 81. g6 1-0


[Site "https://www.chess.com"]

[Event "Titled Tuesday Blitz February 01 A 2022"]
[White "Moksh Amit Doshi"]
[Black "Svane, Rasmus"]
[WhiteFideId "25064967"]
[BlackFideId "4657101"]
[WhiteElo "2245"]
[BlackElo "2645"]
[Result "1-0"]
[Round "01"]
[TimeControl "180+1"]
[Date "2022.02.01"]
[WhiteClock "0:00:47"]
[BlackClock "0:00:05"]

1. d4 Nf6 2. c4 e6 3. Nf3 d5 4. Nc3 a6 5. cxd5 exd5 6. Bg5 Be6 7. e3 Nbd7 8. Bd3 Bd6 9. h3 c6 10. O-O Qc7 11. Qd2 h6 12. Bf4 O-O 13. Rac1 Rfe8 14. Rfe1 Rac8 15. a4 a5 16. Nb5 Bxf4 17. Nxc7 Bxc7 18. b4 axb4 19. Qxb4 Rb8 20. a5 Rec8 21. Qa3 Ra8 22. a6 Nb8 23. Qb3 b6 24. Rc2 Bd7 25. Ne5 Be8 26. Rec1 g6 27. f4 Ra7 28. Be2 Kg7 29. Kh1 b5 30. Nd3 Rxa6 31. Nb4 Rb6 32. Qa2 Bd6 33. Nd3 Ne4 34. Nc5 Bxc5 35. dxc5 Ra6 36. Qb2+ Kg8 37. Bd3 Nd7 38. Bxe4 dxe4 39. Qd4 Ra4 40. Qd6 Nf8 41. Rd2 Ne6 42. Qe5 Rca8 43. Rcd1 b4 44. f5 gxf5 45. Qxf5 b3 46. Rb2 Ra1 47. Rxa1 Rxa1+ 48. Kh2 Ra3 49. Qxe4 Bd7 50. Qb4 Ra2 51. Qxb3 Ra5 52. Qb8+ Kg7 53. Qe5+ Kg6 54. Qd6 Rxc5 55. Qxd7 Rd5 56. Qxc6 Rf5 57. Qe4 1-0


[Site "https://www.chess.com"]

[Event "Titled Tuesday Blitz February 01 A 2022"]
[White "Mortazavi, Ali"]
[Black "Zhigalko, Sergei"]
[WhiteFideId "401323"]
[BlackFideId "13502956"]
[WhiteElo "2339"]
[BlackElo "2662"]
[Result "0-1"]
[Round "01"]
[TimeControl "180+1"]
[Date "2022.02.01"]
[WhiteClock "0:00:28"]
[BlackClock "0:00:52"]

1. Nf3 d5 2. g3 c6 3. Bg2 Bg4 4. O-O e6 5. d3 Bd6 6. c4 Ne7 7. Be3 O-O 8. Qb3 Qc8 9. Nc3 Nd7 10. Rac1 Re8 11. h3 Bh5 12. cxd5 exd5 13. Nd4 Nc5 14. Qc2 Ne6 15. Qd2 Nxd4 16. Bxd4 Nf5 17. Nb5 Rxe2 18. Qg5 Bg6 19. Nxd6 Nxd6 20. Rfe1 Qe6 21. Bc3 h6 22. Qf4 Nb5 23. Rxe2 Qxe2 24. Re1 Nxc3 25. bxc3 Qxe1+ 26. Kh2 0-1


[Site "https://www.chess.com"]